 Dungeon Crawl Stone Soup version 0.31.0-12-g77e489cdc1 (webtiles) character file.

Game seed: 607778091065497758

1281 Gadfly the Covered (level 8, -5/66 HPs)
             Began as an Armataur Fighter on Mar 1, 2024.
             Was a Follower of Elyvilon.
             Slain by an ogre
             ... wielding a +0 giant club
              (21 damage)
             ... on level 6 of the Dungeon.
             The game lasted 00:08:03 (5602 turns).

Gadfly the Covered (Armataur Fighter)               Turns: 5602, Time: 00:08:04

Health: -5/66      AC: 10    Str: 23    XL:     8   Next: 29%
Magic:  11/11      EV:  4    Int:  8    God:    Elyvilon [*.....]
Gold:   315        SH:  5    Dex: 11    Spells: 7/7 levels left

rFire   . . .        b - +0 whip (venom)
rCold   . . .        c - +0 buckler
rNeg    . . .        i - +0 plate armour
rPois   .            (no helmet)
rElec   .            (no cloak)
rCorr   .            (no gloves)
SInv    .            (no barding)
Will    .....        s - amulet of faith Stlth
                     (no ring)
HPRegen 0.31/turn    (no ring)
MPRegen 0.12/turn

%: roll, faith
@: no status effects
A: large, deformed body, tough skin 3, armoured tail, roll 2
a: Renounce Religion, Purification


You were on level 6 of the Dungeon.
You worshipped Elyvilon.
Elyvilon was aware of your devotion.
You visited 2 branches of the dungeon, and saw 7 of its levels.

You collected 1008 gold pieces.
You spent 693 gold pieces at shops.

Inventory:

Hand Weapons
 a - a +0 flail
 b - a +0 whip of venom (weapon)
Armour
 c - a +0 buckler (worn)
 i - a +0 plate armour (worn)
Jewellery
 g - a ring of ice
 q - an amulet of guardian spirit
 s - an amulet of faith (around neck)
Wands
 p - a wand of flame (60) (quivered)
Scrolls
 d - a scroll of enchant weapon
 e - 5 scrolls of teleportation
 h - a scroll of poison
 l - 2 scrolls of blinking
 m - 2 scrolls of brand weapon
 n - 3 scrolls of silence
 t - 2 scrolls of enchant armour
Potions
 f - 2 potions of cancellation
 j - a potion of haste
 k - 2 potions of curing
 r - a potion of attraction


   Skills:
 + Level 4.1 Fighting
 * Level 4.7 Maces & Flails
 + Level 5.3 Armour
 + Level 4.7 Shields
 * Level 4.4 Invocations
 * Level 4.3 Evocations


You had 7 spell levels left.
You didn't know any spells.
Your spell library contained the following spells:

 Spells                   Type           Power      Damage    Failure   Level
 Gell's Gravitas          Tloc           0%         N/A       100%        3
 Teleport Other           Tloc           0%         N/A       100%        3
 Summon Blazeheart Golem  Fire/Summ      0%         N/A       100%        4
 Dispersal                Tloc           0%         N/A       100%        6
 Orb of Destruction       Conj           0%         9d5       100%        7
 Spellforged Servitor     Conj/Summ      0%         N/A       100%        7


Dungeon Overview and Level Annotations

Branches:
Dungeon (6/15)             Temple (1/1) D:5

Altars:
Ashenzari
Cheibriados
Dithmenos
Elyvilon
Gozag
Hepliaklqana
Kikubaaqudgha
Makhleb
Nemelex Xobeh
Qazlal
Ru
Trog
Uskayaw
Vehumet
Wu Jian
Xom

Shops:
D:2 ?


Innate Abilities, Weirdness & Mutations

Armour fits poorly on your strangely shaped body.
You have extremely tough skin. (AC +3)
You have a long armoured tail.
You regenerate magic and health when rolling toward enemies. (Rampage Regen)


Message History

You barely miss the hound. You block the hound's attack. The hound bites you.
You are too injured to fight recklessly!
You are too injured to fight recklessly!
You are too injured to fight recklessly!
You are too injured to fight recklessly!
You are too injured to fight recklessly!
You are too injured to fight recklessly!
You are too injured to fight recklessly!
You are too injured to fight recklessly!
You are too injured to fight recklessly!
You are too injured to fight recklessly!
You are too injured to fight recklessly!
You are too injured to fight recklessly!
Unknown command.
You barely miss the hound. The hound bites you but does no damage.
You closely miss the hound. The hound bites you but does no damage.
You hit the hound.
The hound is poisoned.
You tail-slap the hound.
The hound is heavily wounded.
The hound bites you but does no damage. The hound bites you.
You miss the hound.
The hound is heavily wounded.
The hound bites you but does no damage.
You hit the hound.
The hound looks as sick as possible!
The hound is severely wounded.
The hound bites you.
You hit the hound.
You kill the hound!
You start resting.
An ogre comes into view. It is wielding a +0 giant club.
An ogre is nearby!
You closely miss the ogre.
The ogre shouts!
The ogre hits you with a +0 giant club!!
* * * LOW HITPOINT WARNING * * *
You whack the ogre! You tail-slap the ogre.
The ogre is moderately wounded.
You completely miss the ogre.
Your tail-slap misses the ogre.
The ogre is moderately wounded.
The ogre hits you with a +0 giant club!!
You die...

? ## ##. ..#..
.#.# ..## ### ##
##. #.. ..# #.
#....##O### ...
## ###.
#....@.###.#....
...
##.###†.....###
#.. ..
####.##...# #..
#. #....##.#.#
#.# #
##.#.##......#
#..
.....##.####...
#..
#.##......####.#
#.. ..
####.##......#
#.. #
.....##.######
#..


You could see an ogre.

Vanquished Creatures
  An ogre (D:6)
  A centaur (D:6)
  A bullfrog (D:5)
  A gnoll sergeant (D:3)
  2 scorpions (D:6)
  5 wights (D:6)
  A bombardier beetle (D:6)
  2 orc priests
  3 hounds
  2 iguanas (D:5)
  A sleepcap (D:4)
  An orc wizard (D:5)
  9 gnolls
  10 adders
  A shadow imp (D:4)
  2 dart slugs (D:1)
  A ribbon worm (D:3)
  18 orcs
  10 endoplasms
  4 giant cockroaches
  6 goblins
  7 hobgoblins
  12 jackals
  3 kobolds
  4 quokkas
  8 ball pythons
  13 bats
  3 frilled lizards
  8 rats
140 creatures vanquished.

Vanquished Creatures (others)
  A butterfly (D:4)
1 creature vanquished.

Grand Total: 141 creatures vanquished

Notes
Turn   | Place    | Note
-------+----------+-------------------------------------------
     0 | D:1      | Gadfly the Armataur Fighter began the quest for the Orb.
     0 | D:1      | Reached XP level 1. HP: 18/18 MP: 1/1
    89 | D:1      | Reached XP level 2. HP: 16/25 MP: 2/2
   207 | D:1      | Reached skill level 1 in Invocations
   358 | D:1      | Reached XP level 3. HP: 30/30 MP: 3/3
   360 | D:1      | Reached skill level 1 in Evocations
   362 | D:1      | Identified a scroll of acquirement
   363 | D:1      | Acquired 709 gold pieces
   580 | D:2      | Reached skill level 4 in Armour
   768 | D:2      | Reached XP level 4. HP: 28/37 MP: 5/5
   871 | D:2      | Found Taziugao's Magic Scroll Emporium.
  1307 | D:2      | Bought a scroll of blinking for 97 gold pieces
  1307 | D:2      | Bought a scroll of brand weapon for 123 gold pieces
  1307 | D:2      | Bought a scroll of silence for 123 gold pieces
  1409 | D:2      | Bought a scroll of identify for 26 gold pieces
  1409 | D:2      | Bought a scroll of identify for 26 gold pieces
  1414 | D:2      | Bought a scroll of enchant weapon for 97 gold pieces
  1649 | D:3      | Found a faded altar of an unknown god.
  1708 | D:3      | Found a sacrificial altar of Ru.
  1906 | D:3      | Found a faded altar of an unknown god.
  2094 | D:3      | Reached XP level 5. HP: 30/45 MP: 6/6
  2746 | D:4      | Found a white marble altar of Elyvilon.
  2762 | D:4      | Became a worshipper of Elyvilon the Healer
  3119 | D:4      | Reached XP level 6. HP: 20/51 MP: 7/7
  4074 | D:5      | Entered Level 5 of the Dungeon
  4255 | D:5      | Gained mutation: You regenerate magic and health when
                  | rolling toward enemies. (Rampage Regen) [Armataur growth]
  4255 | D:5      | Reached XP level 7. HP: 52/57 MP: 9/9
  4369 | D:5      | Reached * piety under Elyvilon
  4373 | D:5      | Found a staircase to the Ecumenical Temple.
  4432 | Temple   | Entered the Ecumenical Temple
  4574 | D:5      | HP: 1/57 [gnoll/+0 spear (6)]
  4979 | D:6      | Reached skill level 5 in Armour
  5002 | D:6      | HP: 2/55 [wight/+0 battleaxe (3)]
  5003 | D:6      | Elyvilon protects you from harm!
  5005 | D:6      | Reached XP level 8. HP: 2/64 MP: 11/11
  5337 | D:2      | Bought a scroll of poison for 52 gold pieces
  5337 | D:2      | Bought a scroll of enchant armour for 97 gold pieces
  5337 | D:2      | Bought a scroll of identify for 26 gold pieces
  5337 | D:2      | Bought a scroll of identify for 26 gold pieces
  5602 | D:6      | Slain by an ogre

Illustrated notes

Levels and vault maps discovered:
D:1:      scummos_arrival_star, layout_rooms
D:2:      layout_basic, serial_shops, shop
D:3:      layout_basic, nicolae_overflow_ecumenical_swirl,
          shapermc_ecumenical_altar_venn
D:4:      layout_rooms, nicolae_elyvilon_peaceful_grove, lightli_minifort
D:5:      layout_rooms, minmay_temple_entry_ruins
D:6:      layout_loops_ring, kennysheep_little_box, tgw_fedhas,
          nicolae_letterblocks [nicolae_letter_subblock,
          nicolae_letter_subblock, nicolae_letter_subblock,
          nicolae_letter_subblock, nicolae_letter_subblock,
          nicolae_letter_subblock, nicolae_letter_subblock,
          nicolae_letter_subblock, nicolae_letter_subblock,
          nicolae_letter_subblock, nicolae_letter_subblock,
          nicolae_letter_subblock, nicolae_letter_subblock,
          nicolae_letter_subblock, nicolae_letter_subblock,
          nicolae_letter_subblock, nicolae_letter_subblock,
          nicolae_letter_subblock, nicolae_letter_subblock,
          nicolae_letter_subblock, nicolae_letter_subblock,
          nicolae_letter_subblock, nicolae_letter_subblock,
          nicolae_letter_subblock, nicolae_letter_subblock]
Temple:   minmay_temple_curvy_branch

Skill      XL: |  1  2  3  4  5  6  7 |
---------------+----------------------+-----
Maces & Flails | 2 3 4 |  4.7
Invocations    | 1 2 3 4 |  4.4
Evocations     | 1 2 3 4 |  4.3
Armour         | 4 5 |  5.3
Fighting       | 3 4 |  4.1
Shields        | 4 |  4.7

Action                     |  1- 3 |  4- 6 |  7- 9 || total
---------------------------+-------+-------+-------++-------
  Melee: Flail             |   146 |   256 |   102 ||   504
         Tailslap          |     9 |    34 |    23 ||    66
         Whip              |       |       |    34 ||    34
  Evoke: Wand              |       |       |     6 ||     6
    Use: Scroll            |     4 |     8 |     2 ||    14
         Potion            |       |     1 |     5 ||     6
 Armour: Scale mail        |   113 |       |       ||   113
         Plate armour      |    39 |   297 |   162 ||   498
  Dodge: Dodged            |    72 |    61 |    26 ||   159
  Block: Buckler           |    37 |    82 |    37 ||   156
